Map: [ESL] Dragon Scales

Players

Coffee - Winner!

  • Race: Terran Terran
  • Spawn Location: 11:00

Jieshi

  • Race: Protoss Protoss
  • Spawn Location: 5:00

Event: ESL SC2 Masters 2023 Summer (Regionals)

VOD

Have the link to the VOD?

Description

Time

  • Played on: May 6, 2023, 8:40 a.m.
  • Length: 13:53

All games in this series

Show
View Real Time Build Order
Export as new Build Order

Coffee Terran - Winner!

Build Orders:  

Get SALT Encoding   

  12  0:00  SCV  
  13  0:12  SCV  
  14  0:17  Supply Depot  
  14  0:24  SCV  
  15  0:38  SCV  
  15  0:39  Barracks  
  16  0:42  Refinery  
  16  0:50  SCV  
  16  0:52  Refinery  
  17  1:03  SCV  
  18  1:15  SCV  
  19  1:27  Orbital Command, Reaper  
  19  1:28  Supply Depot  
  20  1:41  Factory  
  20  1:52  SCV  
  21  1:59  Barracks Reactor  
  21  2:05  SCV  
  22  2:14  Command Center  
  22  2:17  SCV  
  23  2:24  Hellion  
  25  2:31  SCV  
  25  2:32  Starport  
  26  2:37  Marine x2  
  26  2:43  Supply Depot  
  28  2:45  SCV  
  28  2:47  Factory Tech Lab  
  29  2:56  Marine x2  
  31  3:04  SCV  
  32  3:10  Cyclone  
  35  3:16  SCV  
  35  3:19  Viking  
  36  3:21  Marine  
  36  3:24  Marine  
  37  3:28  SCV  
  38  3:41  SCV  
  39  3:42  Marine x2, Cyclone  
  44  3:51  Orbital Command  
  44  3:53  SCV  
  45  3:57  Viking  
  47  4:04  Supply Depot  
  47  4:05  SCV  
  47  4:08  Marine x2  
  48  4:17  SCV, Cyclone  
  48  4:19  SCV  
  53  4:27  Supply Depot  
  53  4:29  SCV  
  53  4:30  Liberator  
  55  4:39  Marine x2  
  55  4:40  SCV  
  55  4:41  SCV  
  55  4:44  Supply Depot  
  62  4:57  SCV x2  
  61  5:02  Marine x2, Command Center  
  61  5:18  SCV  
  61  5:20  Marine x2  
  55  5:22  SCV  
  55  5:27  Siege Tank  
  59  5:30  Barracks, SCV  
  59  5:32  Barracks  
  59  5:34  Starport Tech Lab  
  60  5:43  SCV  
  60  5:45  Marine  
  60  5:46  Marine  
  60  5:48  Engineering Bay  
  60  5:49  Refinery  
  63  5:56  Raven  
  65  5:58  SCV x2  
  65  6:04  Siege Tank  
  70  6:05  Refinery  
  69  6:19  Marine x2  
  69  6:21  Barracks Tech Lab  
  69  6:22  Orbital Command  
  69  6:23  SCV x2  
  73  6:26  Barracks  
  73  6:29  Barracks  
  73  6:30  Terran Infantry Weapons Level 1  
  72  6:35  SCV x2  
  74  6:41  Marine x2  
  74  6:42  Marine  
  77  6:47  Stimpack, Starport Reactor  
  77  6:48  Orbital Command  
  77  6:51  SCV  
  78  6:54  Combat Shield  
  78  6:56  SCV  
  79  7:03  Marine x4  
  79  7:06  SCV  
  84  7:10  Supply Depot  
  84  7:12  Supply Depot  
  84  7:14  SCV x2, Barracks Tech Lab  
  86  7:17  Barracks Reactor  
  86  7:20  SCV  
  87  7:25  Marine x2  
  87  7:26  Marauder, SCV  
  87  7:28  SCV  
  93  7:32  SCV  
  92  7:39  Marauder x2  
  92  7:46  Marine x2  
  92  7:47  Marauder, Medivac x2, Siege Tank  
  92  7:49  SCV x2  
  92  7:50  SCV  
  99  7:57  Refinery  
  99  7:58  Marine x2, Concussive Shells, Supply Depot  
  97  7:59  Supply Depot  
  97  8:01  SCV x2  
  97  8:02  SCV  
  101  8:07  Supply Depot x2  
  101  8:12  Marauder x2  
  105  8:13  SCV x2  
  105  8:14  Marauder  
  109  8:20  SCV, Medivac x2  
  109  8:23  Bunker  
  109  8:25  SCV  
  109  8:26  Terran Infantry Armor Level 1  
  115  8:30  SCV  
  115  8:32  SCV, Supply Depot  
  117  8:35  Marauder x2  
  117  8:37  SCV  
  117  8:38  Siege Tank  
  125  8:43  Refinery  
  125  8:44  Ghost Academy  
  125  8:48  Marine x4  
  126  8:54  Supply Depot  
  127  8:57  Supply Depot  
  127  9:01  Viking x2  
  131  9:07  Marine x4  
  131  9:08  Marauder x3  
  144  9:17  Siege Tank  
  144  9:27  Supply Depot  
  144  9:29  Marine x3  
  144  9:30  Marine  
  148  9:31  Viking x2  
  148  9:35  Ghost x3  
  157  9:39  Supply Depot  
  157  9:40  Supply Depot  
  157  9:52  Marine x3, Siege Tank  
  163  9:53  Supply Depot  
  163  9:55  Missile Turret  
  163  9:57  Supply Depot x2  
  163  9:58  Supply Depot  
  162  10:01  Viking x2  
  166  10:10  Marine  
  166  10:11  Marine x3  
  166  10:12  Ghost  
  166  10:13  Ghost x2  
  173  10:29  Marine  
  173  10:30  Marine x3  
  175  10:36  Liberator x2  
  175  10:38  Siege Tank  
  182  10:43  Command Center  
  182  10:44  Marauder x3  
  187  11:07  Marine x2, Marauder  
  191  11:20  Marine  
  190  11:27  Marine x3  
  190  11:28  Siege Tank  
  190  11:36  Viking  
  190  11:37  Viking  
  194  11:41  Marauder x2  
  194  11:44  Marine x2  
  149  12:01  Ghost  
  149  12:02  Marine  
  133  12:10  Marine x2  
  133  12:11  Marauder x2  
  123  12:19  Siege Tank  
  123  12:22  Liberator x2  
  128  12:24  Marine x2  
  130  12:30  SCV x2  
  130  12:31  Barracks x3, Marine x3  
  130  12:33  Marauder x2  
  130  12:34  SCV  
  140  12:42  Marine x2  
  142  12:49  Marine, Marauder  
  142  12:50  Marine  
  134  12:51  Siege Tank  
  134  12:54  Marine, Marauder  
  138  13:00  Marine x2  
  140  13:06  Liberator x2, Marine  
  140  13:08  Marine  
  140  13:10  Ghost  
  140  13:11  Ghost  
  150  13:15  Ghost  
  150  13:17  Marine  
  150  13:18  Marine  
  136  13:21  SCV x2  
  136  13:24  Marine, Barracks Reactor, Barracks Tech Lab x2  
  136  13:25  Marine  
  133  13:46  Engineering Bay  
  133  13:49  Armory  
Show
View Real Time Build Order
Export as new Build Order

Jieshi Protoss 

Build Orders: 1 Gate Expand, Phoenix Opening, Colossus Rush 

Get SALT Encoding   

  12  0:00  Probe  
  13  0:13  Probe  
  14  0:18  Pylon  
  14  0:25  Probe (Chrono Boost)  
  15  0:36  Gateway  
  15  0:37  Probe (Chrono Boost)  
  16  0:43  Probe (Chrono Boost)  
  16  0:46  Assimilator  
  17  0:51  Probe  
  18  1:03  Probe  
  19  1:15  Probe  
  20  1:24  Cybernetics Core  
  20  1:31  Nexus  
  20  1:39  Pylon  
  20  1:41  Probe  
  20  1:46  Assimilator  
  21  1:53  Probe  
  22  1:57  Adept (Chrono Boost)  
  24  2:05  Probe  
  25  2:17  Probe, Stargate  
  25  2:22  Adept (Chrono Boost)  
  26  2:29  Probe  
  29  2:35  Warp Gate  
  29  2:44  Probe (Chrono Boost)  
  31  2:45  Adept  
  31  2:46  Probe (Chrono Boost)  
  33  2:53  Probe (Chrono Boost)  
  33  2:56  Probe (Chrono Boost)  
  33  2:58  Probe (Chrono Boost)  
  35  3:01  Phoenix  
  39  3:05  Probe  
  39  3:10  Probe  
  40  3:16  Pylon  
  38  3:20  Probe  
  38  3:22  Probe  
  38  3:26  Phoenix (Chrono Boost)  
  42  3:32  Probe  
  43  3:34  Probe  
  43  3:36  Robotics Facility  
  43  3:40  Assimilator  
  43  3:41  Pylon  
  44  3:44  Probe  
  44  3:46  Probe  
  46  3:51  Phoenix  
  48  4:00  Gateway  
  48  4:01  Probe  
  49  4:07  Probe  
  50  4:13  Probe  
  50  4:16  Phoenix (Chrono Boost)  
  53  4:19  Probe  
  53  4:23  Assimilator  
  54  4:24  Observer (Chrono Boost)  
  54  4:25  Probe, Pylon  
  56  4:31  Probe  
  56  4:37  Immortal (Chrono Boost)  
  56  4:38  Probe  
  54  4:40  Stalker  
  54  4:44  Probe, Shield Battery  
  61  4:50  Probe  
  62  4:54  Pylon  
  62  4:57  Stalker  
  62  4:58  Probe  
  65  5:00  Pylon  
  65  5:02  Probe  
  65  5:07  Pylon, Observer, Robotics Bay  
  64  5:18  Stalker  
  60  5:26  Phoenix (Chrono Boost), Stalker  
  60  5:27  Observer  
  62  5:44  Phoenix (Chrono Boost), Nexus  
  62  5:47  Pylon  
  65  5:51  Probe x2  
  65  5:53  Colossus  
  72  5:57  Stalker  
  74  6:05  Probe x2  
  74  6:08  Phoenix  
  78  6:17  Probe x2  
  78  6:20  Extended Thermal Lance (Chrono Boost)  
  78  6:21  Shield Battery  
  78  6:29  Probe x2  
  80  6:32  Twilight Council  
  80  6:33  Forge  
  80  6:36  Phoenix  
  82  6:41  Probe x2  
  82  6:45  Pylon  
  83  6:53  Probe x2, Gateway  
  85  6:54  Gateway  
  85  6:58  Charge, Colossus (Chrono Boost)  
  91  7:04  Probe  
  91  7:05  Probe x2  
  94  7:13  Protoss Ground Weapons Level 1 (Chrono Boost)  
  94  7:17  Probe  
  94  7:18  Probe  
  96  7:22  Gateway  
  96  7:27  Pylon  
  96  7:36  Phoenix (Chrono Boost)  
  96  7:37  Stalker x2  
  96  7:38  Gateway  
  96  7:40  Gateway  
  96  7:43  Probe x2  
  100  7:48  Stalker  
  96  7:55  Probe  
  97  8:01  Gateway  
  97  8:03  Gateway  
  97  8:05  Templar Archives  
  97  8:10  Pylon, Observer (Chrono Boost)  
  97  8:12  Pylon  
  98  8:14  Photon Cannon  
  98  8:16  Shield Battery  
  98  8:17  Pylon  
  98  8:20  Pylon  
  98  8:21  Nexus  
  98  8:28  Pylon, Colossus (Chrono Boost)  
  98  8:33  Zealot  
  98  8:34  Zealot x2  
  110  8:37  Probe x3  
  113  8:42  Photon Cannon  
  113  8:43  Shield Battery  
  113  8:46  Zealot, Observer  
  115  8:55  Probe x2  
  119  9:05  Probe, Colossus (Chrono Boost)  
  119  9:07  Probe x2, Pylon  
  126  9:13  Gateway  
  126  9:14  Protoss Ground Armor Level 1 (Chrono Boost), Zealot x2  
  130  9:25  Zealot x3  
  130  9:27  Zealot x2  
  139  9:34  High Templar x2  
  139  9:35  Probe  
  139  9:37  Assimilator  
  144  9:38  Archon  
  144  9:41  Assimilator  
  144  9:46  Disruptor (Chrono Boost)  
  144  9:47  Probe, Zealot x2  
  144  9:49  Photon Cannon  
  151  9:56  Pylon  
  151  9:58  Robotics Facility  
  151  10:07  Nexus  
  151  10:09  Pylon  
  151  10:10  Blink (Chrono Boost)  
  151  10:20  Disruptor (Chrono Boost), Stalker x2  
  158  10:27  Zealot x2  
  156  10:29  Stalker x2  
  156  10:30  Pylon  
  160  10:45  Disruptor (Chrono Boost)  
  163  10:50  Stalker  
  163  10:51  Zealot, Stalker  
  163  10:52  Zealot x4  
  178  10:57  Disruptor (Chrono Boost)  
  178  11:00  Zealot x2  
  178  11:01  Zealot  
  174  11:14  Observer  
  174  11:15  Zealot x3  
  174  11:16  Zealot x4  
  184  11:26  Zealot x3  
  184  11:29  Disruptor  
  186  11:41  Zealot x2  
  186  11:42  Zealot x3  
  186  11:43  Zealot x2  
  166  12:00  Zealot, Stalker x2  
  132  12:04  Disruptor (Chrono Boost), Zealot x3  
  132  12:05  Zealot x3  
  110  12:08  Zealot  
  80  12:28  High Templar x2  
  80  12:29  High Templar x2  
  79  12:30  Zealot x5  
  79  12:31  Zealot  
  79  12:34  Archon  
  79  12:35  Archon  
  91  12:38  Immortal (Chrono Boost)  
  95  12:50  Zealot x3  
  95  12:51  Zealot x3  
  87  13:02  Stalker x3  
  87  13:04  Zealot  
  95  13:11  Zealot  
  95  13:12  Zealot x3  
  93  13:21  Zealot x2  
  97  13:30  Pylon, Robotics Facility, Stalker x2  
  97  13:31  Zealot, Robotics Facility  
  86  13:35  Zealot x4  
  71  13:42  Stalker x2  
Tags
 
Add a new tag
Caveats
  • Supply blocks, unpowered buildings, or Contaminate may cause inaccurate times.
  • Supply counts are checked every 10 seconds.